 Dungeon Crawl Stone Soup version 0.27.1-34-g3ba077fa99 (webtiles) character file.

Game seed: 10984715846710165644

300 Arum the Digger (level 6, -1/41 HPs)
             Began as a Formicid Earth Elementalist on Jan 9, 2022.
             Slain by an orc (5 damage)
             ... on level 2 of the Dungeon.
             The game lasted 00:03:38 (2857 turns).

Arum the Digger (Formicid Earth Elementalist)       Turns: 2857, Time: 00:03:39

Health: -1/41      AC:  3    Str: 10 (12) XL:     6   Next: 64%
Magic:  8/13       EV: 12    Int: 14 (17) God:
Gold:   107        SH:  0    Dex: 10 (11) Spells: 6/14 levels left

rFire    + . .     SeeInvis +   f - +0 hand axe (elec)
rCold    + . .     Faith    .   (no shield)
rNeg     . . .     Spirit   .   b - +0 robe
rPois    +         Reflect  .   (helmet unavailable)
rElec    +         Harm     .   (no cloak)
rCorr    +         Rampage  .   (no gloves)
Will     .....                  k - +0 pair of boots
Stlth    +.........             (no amulet)
HPRegen  0.13/turn              (no ring)
MPRegen  0.13/turn              (no ring)

@: confused, resistant, attractive
A: permanent stasis, dig shafts and tunnels, antennae 3, four strong arms
a: Dig, Shaft Self


You were on level 2 of the Dungeon.
You visited 1 branch of the dungeon, and saw 3 of its levels.

You collected 107 gold pieces.

Inventory:

Hand Weapons
 f - a +0 hand axe of electrocution (weapon)
Missiles
 c - 25 stones
 i - a throwing net
Armour
 b - a +0 robe (worn)
 k - a +0 pair of boots (worn)
Jewellery
 h - a ring of positive energy
Scrolls
 d - 5 scrolls of identify {unknown}
 g - a scroll of noise {unknown}


   Skills:
 - Level 1.7 Dodging
 - Level 2.4 Stealth
 + Level 4.9 Spellcasting
 - Level 1.1 Transmutations
 + Level 6.4 Earth Magic


You had 6 spell levels left.
You knew the following spells:

 Your Spells              Type           Power      Damage    Failure   Level
a - Sandblast             Erth           42%        2d11      1%          1
b - Petrify               Tmut/Erth      13%        N/A       36%         4
c - Stone Arrow           Conj/Erth      24%        3d8       14%         3

Your spell library contained the following spells:

 Spells                   Type           Power      Damage    Failure   Level
 Passwall                 Tmut/Erth      10%        N/A       6%          2


Dungeon Overview and Level Annotations

Branches:
Dungeon (3/15)

Altars:
Okawaru


Innate Abilities, Weirdness & Mutations

You cannot be hasted, slowed, berserked, paralysed or teleported.
You can dig through walls and to a lower floor.
You have a pair of large antennae on your head. (SInv)
Your four strong arms can wield two-handed weapons with a shield.


Message History

Unknown command.
The kobold closely misses you.
The orc wizard hits you but does no damage.
You climb upwards.
There is a stone staircase leading down here.
Unknown command.
Unknown command.
You hit the orc wizard.
Lightning courses through the orc wizard!
The orc wizard is almost dead.
You hit the kobold. You barely miss the orc.
The kobold hits you but does no damage.
The orc wizard points at you and mumbles some strange words.
You are confused.
The orc hits you with a +0 hand axe. The kobold hits you with a +0 dagger.
Unknown command.
Unknown command.
Unknown command.
It was a potion of resistance.
You feel protected.
The orc wizard hits you but does no damage.
The orc hits you with a +0 hand axe. The kobold hits you with a +0 dagger.
Unknown command.
It was a potion of attraction.
You feel attractive to monsters. The orc wizard casts a spell at you.
You resist with some effort. The orc closely misses you.
The kobold hits you but does no damage.
It was a potion of degeneration.
There was something very wrong with that liquid.
You feel weakened.
You feel dopey.
You feel clumsy.
The orc wizard gestures at you while chanting.
The magic dart hits you!
* * * LOW HITPOINT WARNING * * *
The orc barely misses you. The kobold hits you with a +0 dagger.
* * * LOW HITPOINT WARNING * * *
Unknown command.
You bump into the rock wall.
The orc wizard barely misses you. The orc hits you with a +0 hand axe.
You die...

...########.......#
......# #.......# ......#
#.......#
..#...#####.......########
..'......................#
..#..........##.########.#
#.#..........##.## #.#
#.#..........##oo# #.#
#.#..........##.@# #.###
#...........####K# #...#
#.......#...####.# ####.#
+.......#...'....# #....#
#.......#...###### #.####
#.......#...### #.#
#.......#.....# #.#
#############.### #.#
##..........#...# #.#


You could see an orc wizard, an orc and a kobold.

Vanquished Creatures
  Sigmund (D:2)
  Terence (D:2)
  4 gnolls (D:2)
  2 adders (D:2)
  A worm (D:2)
  2 dart slugs (D:2)
  An orc (D:3)
  4 ball pythons
  3 endoplasms (D:2)
  3 goblins
  5 hobgoblins
  2 jackals (D:1)
  3 kobolds
  2 quokkas (D:2)
  2 bats (D:1)
  5 frilled lizards
  2 rats
43 creatures vanquished.

Notes
Turn   | Place    | Note
-------+----------+-------------------------------------------
     0 | D:1      | Arum the Formicid Earth Elementalist began the quest for
                  | the Orb.
     0 | D:1      | Reached XP level 1. HP: 13/13 MP: 3/3
   283 | D:1      | Reached XP level 2. HP: 19/19 MP: 2/5
   288 | D:1      | Reached skill level 4 in Earth Magic
   503 | D:1      | Found a faded altar of an unknown god.
  1204 | D:2      | Reached XP level 3. HP: 24/24 MP: 7/7
  1763 | D:2      | Noticed Sigmund
  1783 | D:2      | Killed Sigmund
  1784 | D:2      | Reached skill level 6 in Earth Magic
  1784 | D:2      | Reached XP level 4. HP: 7/30 MP: 1/10
  1784 | D:2      | Reached XP level 5. HP: 8/35 MP: 1/11
  1784 | D:2      | Reached XP level 6. HP: 10/41 MP: 1/12
  2217 | D:2      | Noticed Terence
  2223 | D:2      | Killed Terence
  2349 | D:2      | Learned a level 4 spell: Petrify
  2353 | D:2      | Learned a level 3 spell: Stone Arrow
  2362 | D:2      | Found an iron altar of Okawaru.
  2857 | D:2      | Slain by an orc

Illustrated notes

Levels and vault maps discovered:
D:1:      saegor_arrival_simple_c, layout_loops_ring,
          ebering_ecumenical_altar_box
D:2:      layout_basic, basic_altar, uniq_sigmund, uniq_terence
D:3:      layout_rooms, jmf_multi_god_temple, minmay_misc_feat_five

Skill      XL: |  1  2  3 |
---------------+----------+-----
Earth Magic    | 4 6 |  6.4
Spellcasting   | 4 |  4.9
Dodging        | |  1.7
Stealth        | |  2.4
Transmutations | |  1.1

Action                   |  1- 3 |  4- 6 || total
-------------------------+-------+-------++-------
Melee: Hand axe          |    42 |    18 ||    60
       Whip              |     7 |       ||     7
 Cast: Sandblast         |    17 |     8 ||    25
       Stone Arrow       |       |     7 ||     7
 Abil: Dig               |     2 |       ||     2
  Use: Potion            |       |     3 ||     3
 Stab: Sleeping          |     6 |       ||     6
Armor: Robe              |    11 |    10 ||    21
Dodge: Dodged            |    33 |    15 ||    48
